 Dungeon Crawl Stone Soup version 0.20.1-1-g8b1a95d (webtiles) character file.

23 Wazalsky the Skirmisher (level 3, -1/33 HPs)
             Began as a Hill Orc Abyssal Knight on Nov 4, 2017.
             Was a Follower of Lugonu.
             Slain by Jessica (3 damage)
             ... on level 2 of the Dungeon.
             The game lasted 00:14:20 (731 turns).

Wazalsky the Skirmisher (Hill Orc Abyssal Knight)    Turns: 731, Time: 00:14:21

Health: -1/33      AC:  4    Str: 14    XL:     3   Next: 0%
Magic:  4/4        EV: 11    Int: 12    God:    Lugonu [*.....]
Gold:   11         SH:  0    Dex: 11    Spells: 2/2 levels left

rFire    . . .     SeeInvis .   e - -1 club (curse)
rCold    . . .     Gourm    .   (no shield)
rNeg     . . .     Faith    .   b - +1 leather armour
rPois    .         Spirit   .   (no helmet)
rElec    .         Reflect  .   (no cloak)
rCorr    .         Harm     .   (no gloves)
MR       .....                  (no boots)
Stlth    +.........             (no amulet)
Regen    0.2/turn               (no ring)
MPRegen  0.1/turn               (no ring)

@: no status effects
A: no striking features
a: Depart the Abyss, Renounce Religion


You were on level 2 of the Dungeon.
You worshipped Lugonu.
Lugonu was aware of your devotion.
You were not hungry.

You visited 1 branch of the dungeon, and saw 2 of its levels.
You visited the Abyss 1 time.

You collected 11 gold pieces.

Inventory:

Hand Weapons
 a - a +1 hand axe
 e - a cursed -1 club (weapon)
 h - a +0 club
 j - a +0 dagger
 m - a +1 hunting sling
 n - a +0 dagger
 o - a +0 club
 q - a +0 hunting sling
 r - a +0 club
 t - a +0 club
 u - a +0 dagger
 x - a +0 dagger
 y - a +0 club
Missiles
 f - 40 stones (quivered)
 k - 10 sling bullets
 l - 8 arrows
Armour
 b - a +1 leather armour (worn)
 d - a +0 robe
 i - a +0 robe
 p - a +0 ring mail
 w - a +0 leather armour
 B - a +0 ring mail
Scrolls
 z - a scroll of noise {unknown}
Potions
 g - a potion of curing
 s - a potion of haste {unknown}
 v - a potion of invisibility
Comestibles
 c - 2 bread rations
 A - a meat ration


   Skills:
 + Level 4.2 Fighting
 + Level 3.2 Axes
 + Level 0.3 Slings
 + Level 2.3 Armour
 + Level 0.8 Dodging
 + Level 2.5 Invocations


You had 2 spell levels left.
You didn't know any spells.

Dungeon Overview and Level Annotations

Branches:
Dungeon (2/15)

Altars:

Annotations:
D:2 Jessica


Message History

You throw a stone. The stone closely misses Jessica.
Jessica gestures at you while chanting. Pain shoots through your body!
* * * LOW HITPOINT WARNING * * *
Unknown command.
You closely miss Jessica.
Jessica is lightly wounded.
Jessica closely misses you.
Jessica shouts, "You're disturbing me!
I'll have to kill you!" Jessica gestures at you while chanting.
Pain shoots through your body!
* * * LOW HITPOINT WARNING * * *
Jessica casts a spell at you.
You barely resist.
You see here 2 stones.
You barely miss Jessica.
Jessica is lightly wounded.
Jessica looks very angry.
Jessica barely misses you. Jessica hits you.
You die...

#[ #.. #. #.. #.## #.#
#... ... #..# #.#
####..# #.#
#.....###.##
#(....†.@..# #####
#.###.###@.# #...# #.#
#.# #..# #.### #.#
#.###..# #.#
#.###......####.#
#†<.............#
#.....###......######
#.##...............##
.............##...#
.##..####.....##...###


You could see Jessica.

Vanquished Creatures
  A dart slug (D:1)
  5 bats
  4 goblins (D:1)
  3 hobgoblins (D:1)
  2 kobolds
  A ball python (D:1)
  2 frilled lizards
  3 rats
21 creatures vanquished.

Notes
Turn   | Place    | Note
-------+----------+-------------------------------------------
     0 | Abyss:1  | Wazalsky the Hill Orc Abyssal Knight began the quest for the Orb.
     0 | Abyss:1  | Reached XP level 1. HP: 19/19 MP: 2/2
    50 | D:1      | Escaped the Abyss
   121 | D:1      | Reached skill level 4 in Fighting
   121 | D:1      | Reached XP level 2. HP: 22/27 MP: 3/3
   707 | D:2      | Noticed Jessica
   723 | D:2      | Reached XP level 3. HP: 14/33 MP: 4/4
   728 | D:2      | HP: 1/33 [Jessica/nerve-wracking pain (5)]
   731 | D:2      | Slain by Jessica

Skill      XL: |  1  2 |
---------------+-------+-----
Fighting       | 4 |  4.2
Axes           | 3 |  3.2
Slings         | |  0.3
Armour         | |  2.3
Dodging        | |  0.8
Invocations    | |  2.5

Action                   || total
-------------------------++-------
Melee: Hand axe          ||    36
       Club              ||    32
       Hunting sling     ||     1
 Fire: Hunting sling     ||     8
Throw: Stone             ||     3
  Use: Scroll            ||     5
       Potion            ||     3
Armor: Leather armour    ||    32
Dodge: Dodged            ||    53
